 Dungeon Crawl Stone Soup version 0.20-a0-1116-gaa52201 (webtiles) character file.

91 grindst0ne the Skirmisher (level 4, 0/38 HPs)
             Began as a Demonspawn Berserker on May 8, 2017.
             Was a Believer of Trog.
             Shot with an arrow by a centaur (7 damage)
             ... on level 3 of the Dungeon.
             The game lasted 00:04:09 (2019 turns).

grindst0ne the Skirmisher (Demonspawn Berserker)    Turns: 2019, Time: 00:04:09

Health: 0/38       AC:  5    Str: 18    XL:     4   Next: 34%
Magic:  4/4        EV: 11    Int:  8    God:    Trog [**....]
Gold:   139        SH:  0    Dex: 13    Spells: 3/3 levels left

rFire    . . .     SeeInvis .   a - +0 mace
rCold    . . .     Gourm    .   (no shield)
rNeg     . . .     Faith    .   n - +0 ring mail
rPois    .         Spirit   .   (no helmet)
rElec    .         Reflect  .   (no cloak)
rCorr    .         Harm     .   (no gloves)
MR       .....                  (no boots)
Stlth    +.........             (no amulet)
Regen    0.2/turn               (no ring)
MPRegen  0.1/turn               (no ring)

@: no status effects
A: talons 1, demonic guardian 1, spiny 1
a: Berserk, Trog's Hand, Burn Spellbooks, Renounce Religion


You were on level 3 of the Dungeon.
You worshipped Trog.
Trog was pleased with you.
You were not hungry.

You visited 1 branch of the dungeon, and saw 3 of its levels.

You collected 139 gold pieces.

Inventory:

Hand Weapons
 a - a +0 mace (weapon)
Armour
 b - a +0 animal skin
 h - a +0 plate armour
 k - a -1 leather armour
 n - a +0 ring mail (worn)
Scrolls
 e - 6 scrolls of identify {unknown}
 p - a scroll of remove curse
 q - a scroll of amnesia {unknown}
Potions
 d - a potion of brilliance {unknown}
 i - a potion of heal wounds {unknown}
 j - a potion of agility {unknown}
 l - 2 potions of curing {unknown}
Comestibles
 c - 3 bread rations
 f - 3 royal jellies
 g - a fruit
 m - a meat ration
 o - 4 chunks of flesh


   Skills:
 + Level 4.5 Fighting
 - Level 2.6 Maces & Flails
 + Level 2.8 Armour
 - Level 1.7 Dodging


You had 3 spell levels left.
You didn't know any spells.

Dungeon Overview and Level Annotations

Branches:
Dungeon (3/15)

Altars:
Kikubaaqudgha
Makhleb


Innate Abilities, Weirdness & Mutations

You have sharp toenails.
A weak demonic guardian rushes to your aid.
You are partially covered in sharp spines.


Message History

The centaur wields a shortbow.
The centaur shoots an arrow.
The arrow hits you!
Found a scroll labeled HYTASY ZATTIU.
You see here an arrow.
The centaur shoots an arrow.
The arrow hits you!
The centaur shoots an arrow.
The arrow closely misses you.
Found a scroll of remove curse.
You see here 2 arrows.
A rat comes into view.
The centaur shoots an arrow.
The arrow misses you.
Found 26 stones.
The centaur shoots an arrow.
The arrow closely misses you.
The centaur shoots an arrow.
The arrow hits you!
You see here an arrow.
The centaur shoots an arrow.
The arrow hits you!
* * * LOW HITPOINT WARNING * * *
Your quasit bites the centaur but does no damage.
Your quasit claws the centaur but does no damage. x2
You see here an arrow.
The rat misses your quasit.
The centaur shoots an arrow.
The arrow hits you!
You die...

#.#.#.......#.....#.#
.#.#.#.....#.##.....#
#.#.#.......#.#.#####
.#.#.#.#'#.#.##.#
#.#.#.#.#.#.#.#.#
##########.#..#.#
#...)#.###
#####)....#
...##...@.#
............#
............######
.................#
.........รท##.....#
.........c##(.(..#
..........##5(...#
............r(...#
...............#


You could see a centaur, a rat and a friendly quasit.

Vanquished Creatures
  3 adders
  3 worms (D:2)
  A dart slug (D:1)
  2 leopard geckos (D:3)
  An orc (D:3)
  5 bats
  A bat zombie (D:3)
  4 giant cockroaches
  3 goblins (D:1)
  5 hobgoblins
  4 jackals (D:1)
  A quokka (D:3)
  4 frilled lizards
  7 kobolds
  5 rats
  2 rat zombies (D:3)
51 creatures vanquished.

Notes
Turn   | Place    | Note
-------+----------+-------------------------------------------
     0 | D:1      | grindst0ne the Demonspawn Berserker began the quest for the Orb.
     0 | D:1      | Reached XP level 1. HP: 18/18 MP: 1/1
     6 | D:1      | Noticed an iguana
     6 | D:1      | Noticed a wolf
     6 | D:1      | Noticed a lindwurm
     7 | D:1      | Noticed a water moccasin
     7 | D:1      | Noticed a wyvern
    65 | D:1      | Gained mutation: You are partially covered in sharp spines. [demonic ancestry]
    65 | D:1      | Reached XP level 2. HP: 2/24 MP: 2/2
  1036 | D:2      | Gained mutation: You have sharp toenails. [demonic ancestry]
  1036 | D:2      | Reached XP level 3. HP: 18/30 MP: 3/3
  1078 | D:2      | Reached skill level 4 in Fighting
  1131 | D:2      | Reached ** piety under Trog
  1289 | D:2      | Found a faded altar of an unknown god.
  1721 | D:3      | Gained mutation: A weak demonic guardian rushes to your aid. [demonic ancestry]
  1721 | D:3      | Reached XP level 4. HP: 38/38 MP: 4/4
  1852 | D:3      | Found an ancient bone altar of Kikubaaqudgha.
  1925 | D:3      | Found a burning altar of Makhleb.
  2009 | D:3      | Noticed a centaur
  2019 | D:3      | Shot with an arrow by a centaur

Vault maps used:
D:1:      onia_arrival_zoo_common
D:2:      first_bread, chequers_ecumenical_altar_simple_redux
D:3:      lemuel_zombie_altar_kikubaaqudgha, bloody_makhleb,
          nicolae_overflow_hidden_temple, serial_glass, glass_columns_a,
          glass_columns_a

Skill      XL: |  1  2  3 |
---------------+----------+-----
Armour         | 2 |  2.8
Fighting       | 4 |  4.5
Maces & Flails | |  2.6
Dodging        | |  1.7

Action                   |  1- 3 |  4- 6 || total
-------------------------+-------+-------++-------
Melee: Mace              |    81 |    19 ||   100
       Kick              |     8 |     2 ||    10
Invok: Berserk           |     1 |     1 ||     2
  Use: Scroll            |     1 |       ||     1
  Eat: Chunk             |     3 |     2 ||     5
Armor: Animal skin       |     7 |       ||     7
       Leather armour    |     1 |       ||     1
       Ring mail         |     7 |     3 ||    10
Dodge: Dodged            |    60 |    18 ||    78
